Map: Hielo y cromo EE

Players

TheCanadian

  • Race: Zerg Zerg
  • League: Platinum
  • Spawn Location: 7:00

MrFercho - Winner!

  • Race: Zerg Zerg
  • League: Gold
  • Spawn Location: 1:00

VOD

Have the link to the VOD?

Description

Time

  • Played on: Aug. 20, 2020, 8:15 p.m.
  • Length: 7:54
Show
View Real Time Build Order
Export as new Build Order

TheCanadian Zerg 

Build Orders: Pool First 

Get SALT Encoding   

  12  0:01  Drone  
  13  0:09  Drone  
  14  0:22  Overlord  
  14  0:34  Spawning Pool  
  13  0:42  Drone x2  
  15  0:45  Drone  
  16  1:02  Drone  
  17  1:19  Hatchery  
  17  1:22  Queen  
  18  1:26  Drone  
  19  1:33  Zergling x4  
  21  1:52  Drone  
  22  1:54  Overlord  
  22  2:16  Drone x2  
  24  2:34  Hatchery  
  22  2:50  Zergling x4  
  23  2:53  Zergling x10  
  28  3:06  Queen  
  28  3:08  Zergling x4, Spine Crawler  
  31  3:16  Zergling x4  
  33  3:32  Zergling x4  
  35  3:37  Overlord x3  
  35  3:46  Queen  
  37  3:51  Zergling x6  
  37  3:52  Zergling x4  
  42  4:00  Zergling x8  
  47  4:02  Zergling x2  
  47  4:05  Zergling x2  
  47  4:08  Zergling x2  
  49  4:11  Zergling x2  
  49  4:13  Zergling x2  
  51  4:18  Zergling x2  
  51  4:21  Zergling x2  
  53  4:28  Zergling x6  
  53  4:30  Zergling x2  
  57  4:36  Zergling x4  
  59  4:39  Zergling x2  
  60  4:55  Zergling x2  
  60  4:56  Zergling x10  
  66  5:02  Overlord  
  66  5:23  Extractor  
  66  5:25  Extractor, Drone x4  
  66  5:28  Drone x4  
  70  5:32  Drone  
  73  5:56  Extractor  
  72  5:57  Drone x2  
  72  5:58  Extractor, Overlord  
  72  5:59  Overlord x2  
  73  6:04  Drone  
  53  6:41  Zergling x12  
  53  6:42  Zergling x16  
Show
View Real Time Build Order
Export as new Build Order

MrFercho Zerg - Winner!

Build Orders: Hatch First 

Get SALT Encoding   

  12  0:00  Drone  
  13  0:13  Overlord  
  13  0:17  Drone  
  14  0:32  Drone x2  
  16  0:49  Hatchery  
  15  0:52  Drone  
  15  0:56  Drone  
  17  0:59  Drone  
  18  1:10  Extractor  
  17  1:16  Spawning Pool  
  16  1:19  Drone  
  16  1:21  Drone  
  19  1:32  Drone  
  19  2:09  Queen x2  
  19  2:10  Overlord  
  19  2:12  Drone  
  24  2:17  Zergling x2  
  24  2:18  Zergling x4  
  27  2:24  Zergling x2  
  28  2:30  Zergling x2  
  28  2:53  Metabolic Boost  
  28  2:59  Lair  
  28  3:01  Drone x5  
  28  3:02  Drone  
  34  3:17  Overlord  
  34  3:19  Overlord  
  34  3:33  Roach Warren  
  33  3:37  Zergling x2, Evolution Chamber  
  33  3:38  Drone x2  
  33  3:39  Drone x3  
  38  3:45  Queen  
  40  4:05  Evolution Chamber  
  40  4:07  Zerg Missile Weapons Level 1  
  39  4:12  Overlord  
  39  4:22  Roach  
  39  4:23  Roach  
  44  4:24  Drone x6  
  44  4:25  Drone x2  
  44  4:27  Drone  
  52  4:35  Zerg Melee Weapons Level 1  
  52  4:47  Baneling Nest  
  51  4:54  Queen  
  53  5:01  Spine Crawler  
  53  5:05  Roach x2, Evolution Chamber  
  53  5:06  Overlord  
  55  5:26  Drone  
  55  5:27  Drone x2  
  55  5:28  Extractor  
  58  5:31  Drone x5  
  63  5:36  Zergling x6  
  63  5:38  Baneling  
  63  5:39  Baneling x2  
  63  5:40  Baneling  
  66  5:43  Overlord  
  66  5:44  Overlord  
  66  5:45  Overlord  
  66  5:47  Extractor  
  63  6:13  Baneling x2  
  63  6:14  Baneling x4  
  63  6:25  Overseer  
  56  7:02  Zergling x2  
  56  7:03  Zergling x22  
  68  7:24  Drone  
  68  7:25  Drone x2  
Tags
 
Matchup
ZvZ
Race
Zerg
Replay Pack
MrFercho
Spawn Locations
Cross Positions
Add a new tag
Caveats
  • Supply blocks, unpowered buildings, or Contaminate may cause inaccurate times.
  • Supply counts are checked every 10 seconds.